 Dungeon Crawl Stone Soup version 0.18.1-47-g9310371 (webtiles) character file.

1573 Gargoylian the Skirmisher (level 8, 0/96 HPs)
             Began as a Demonspawn Abyssal Knight on June 21, 2016.
             Was a Believer of Lugonu.
             Succumbed to an orc wizard's poison
             ... on level 6 of the Dungeon.
             The game lasted 00:13:39 (5975 turns).

Gargoylian the Skirmisher (DsAK)                    Turns: 5975, Time: 00:13:40

Health: 0/96       AC: 24    Str: 14    XL:     8   Next: 59%
Magic:  10/10      EV:  2    Int: 13    God:    Lugonu [**....]
Gold:   262        SH:  0    Dex: 14    Spells: 0 memorised, 7 levels left

rFire  . . .     SeeInvis .     o - +0 war axe
rCold  . . .     Gourm    .     (armour currently unavailable)
rNeg   + + +     Faith    .     (no shield)
rPois  +         Spirit   .     (helmet currently unavailable)
rElec  .         Dismiss  .     (cloak currently unavailable)
rCorr  .         Reflect  .     (gloves currently unavailable)
SustAt .         Harm     .     (boots currently unavailable)
MR     .....     NoTele   +     (no amulet)
Stlth  ++........               (no ring)
                                (no ring)

@: lethally poisoned (0 -> -7), tree-form (expiring), very slightly
contaminated, hasted, very quick, not resistant to hostile enchantments,
unstealthy
A: (large bone plates 0), demonic guardian 1, mutation resistance 1, screaming
1, wild magic 1, rot immunity
a: Depart the Abyss, Bend Space, Renounce Religion


You were on level 6 of the Dungeon.
You worshipped Lugonu.
Lugonu was pleased with you.
You were not hungry.
You were a tree.
You visited 1 branch of the dungeon, and saw 6 of its levels.
You visited the Abyss 1 time.

You collected 262 gold pieces.

Inventory:

Hand Weapons
 o - a +0 war axe (weapon)
Missiles
 q - a tomahawk (quivered)
Armour
 b - a +0 plate armour (melded)
 j - a +0 pair of gloves (melded)
 p - a +0 cloak (melded)
Wands
 i - a wand of teleportation (3/9)
Scrolls
 e - 2 scrolls of recharging
 g - 3 scrolls of identify
 h - a scroll of magic mapping
 m - a scroll of remove curse {unknown}
 n - 3 scrolls of teleportation
 t - a scroll of vulnerability {unknown}
Potions
 a - 2 potions of flight
 f - 2 potions of brilliance
 s - 3 potions of lignification
Comestibles
 c - 4 bread rations
 k - 5 slices of pizza
 l - a meat ration
 w - a beef jerky
 x - a royal jelly


   Skills:
 + Level 6.2 Fighting
 + Level 5.0 Axes
 + Level 1.0 Throwing
 * Level 5.9 Armour
 + Level 3.2 Dodging
 + Level 0.6 Stealth
 + Level 3.6 Invocations


You had 7 spell levels left.
You didn't know any spells.

Dungeon Overview and Level Annotations

Branches:
Dungeon (6/15)             Temple (0/1) D:5

Altars:
Elyvilon
Zin

Shops:
D:6 :


Innate Abilities, Weirdness & Mutations

((You are partially covered in large bone plates (AC +2, SH +2).))
A weak demonic guardian rushes to your aid.
You are immune to rotting.
You are somewhat resistant to further mutation.
You occasionally shout uncontrollably at your foes.
Your spells are a little harder to cast, but a little more powerful.


Message History

The silver tomahawk hits the orc warrior but does no damage.
The orc warrior is heavily wounded.
Your transformation is almost over.
* * * LOW HITPOINT WARNING * * *
You feel sick.
Throwing (i - inventory. (,) - cycle):
v - a silver tomahawk (quivered)
Press: ? - help, Shift-Dir - straight line, f/p - orc warrior
Aim: an orc warrior, wielding a dire flail and wearing a plate armour (heavily wounded, fleeing)
You throw a silver tomahawk.
The silver tomahawk hits the orc warrior but does no damage.
The orc warrior is heavily wounded.
* * * LOW HITPOINT WARNING * * *
You feel sick.
Unknown command.
Throwing (i - inventory):
q - 2 tomahawks (quivered)
Press: ? - help, Shift-Dir - straight line, f/p - orc warrior
Aim: an orc warrior, wielding a dire flail and wearing a plate armour (heavily wounded, fleeing)
You throw a tomahawk.
The tomahawk closely misses the orc warrior.
You die...

####### #.....#########
#.....#........
#.....'........
#.....#........
#)♣...#'#######
........)......#..###+#
...............#.......
....(..........'.......
...(...........#.......
(o(....{.......#####...
############'#.....# #
#.....'...#.....#
#.....#...#.....#


You could see an orc warrior (fleeing).

Vanquished Creatures
  Pikel (D:3)
  The ghost of Gargoylian the Skirmisher, an amateur DsAK of Lugonu (D:6)
  Menkaure (D:5)
  A sky beast (D:5)
  An ogre (D:4)
  2 centaurs (D:5)
  A scorpion (D:4)
  A centaur skeleton (D:4)
  2 orc priests
  A giant frog skeleton (D:5)
  Ijyb (D:3)
  Terence (D:2)
  An orc wizard (D:4)
  A worker ant (D:4)
  A hound zombie (D:5)
  A hound skeleton (D:5)
  2 gnolls (D:3)
  5 adders
  A shadow imp (D:4)
  An ooze (D:3)
  2 adder skeletons
  5 dart slugs
  2 giant geckos
  20 orcs
  6 bats
  8 giant cockroaches
  11 goblins
  11 hobgoblins
  5 jackals
  5 kobolds
  2 quokkas
  2 ball pythons
  A giant gecko skeleton (D:4)
  3 giant newts
  6 rats
116 creatures vanquished.

Vanquished Creatures (collateral kills)
  An ogre (D:5)
  A hound (D:3)
  An orc wizard (D:5)
  An iguana (D:5)
  A gnoll (D:3)
5 creatures vanquished.

Vanquished Creatures (others)
  A troll (D:6)
  2 crimson imps
  An iguana (D:4)
  2 adders
  An adder skeleton (D:4)
  A giant cockroach (D:5)
  A quokka (D:5)
9 creatures vanquished.

Grand Total: 130 creatures vanquished

Notes
Turn   | Place    | Note
--------------------------------------------------------------
     0 | Abyss:1  | Gargoylian the Demonspawn Abyssal Knight began the quest for the Orb.
     0 | Abyss:1  | Reached XP level 1. HP: 18/18 MP: 2/2
    30 | Abyss:1  | Found a corrupted altar of Lugonu.
   128 | Abyss:2  | Noticed a chaos spawn
   148 | D:1      | Escaped the Abyss
   253 | D:1      | Reached * piety under Lugonu
   274 | D:1      | Gained mutation: A weak demonic guardian rushes to your aid. [demonic ancestry]
   274 | D:1      | Reached XP level 2. HP: 24/24 MP: 3/3
   488 | D:1      | Reached skill level 1 in Dodging
   563 | D:1      | Reached XP level 3. HP: 17/29 MP: 5/5
   830 | D:2      | Noticed Terence
   848 | D:2      | Killed Terence
  1033 | D:2      | Found a faded altar to an unknown god.
  1076 | D:2      | Reached XP level 4. HP: 36/37 MP: 6/6
  1357 | D:2      | Reached skill level 4 in Fighting
  1723 | D:3      | Reached ** piety under Lugonu
  1983 | D:3      | Gained mutation: You are partially covered in large bone plates (AC +2, SH +2). [demonic ancestry]
  1983 | D:3      | Reached XP level 5. HP: 33/42 MP: 7/7
  2182 | D:3      | Noticed Ijyb
  2215 | D:3      | Killed Ijyb
  2897 | D:4      | Noticed a slave
  2898 | D:4      | Noticed Pikel
  2899 | D:4      | Noticed a slave
  2899 | D:4      | Noticed a slave
  2900 | D:4      | Noticed a slave
  2963 | D:4      | Noticed an ogre
  3159 | D:3      | Killed Pikel
  3159 | D:3      | Reached skill level 5 in Fighting
  3159 | D:3      | Gained mutation: You are immune to rotting. [demonic ancestry]
  3159 | D:3      | Reached XP level 6. HP: 29/51 MP: 8/8
  3159 | D:3      | Reached XP level 7. HP: 32/56 MP: 9/9
  4471 | D:5      | Entered Level 5 of the Dungeon
  4497 | D:5      | Reached skill level 5 in Armour
  4502 | D:5      | Reached *** piety under Lugonu
  4649 | D:5      | Found a white marble altar of Elyvilon.
  4670 | D:5      | Got a twisted whip
  4671 | D:5      | Identified the +5 whip "Worm's Wrath" {elec, *Corrode +Blink rElec rPois} (You found it on level 5 of the Dungeon)
  4706 | D:5      | Found a staircase to the Ecumenical Temple.
  4779 | D:5      | Noticed Menkaure
  4786 | D:5      | Killed Menkaure
  4992 | D:5      | Reached XP level 8. HP: 48/64 MP: 10/10
  5346 | D:5      | Found a glowing silver altar of Zin.
  5369 | D:6      | Noticed a troll
  5376 | D:6      | Noticed Gargoylian's ghost (amateur DsAK)
  5379 | D:6      | Banished a troll
  5379 | D:6      | Reached skill level 6 in Fighting
  5406 | D:5      | Gained mutation: Your spells are a little harder to cast, but a little more powerful. [mutagenic meat]
  5407 | D:5      | Gained mutation: You occasionally shout uncontrollably at your foes. [mutagenic meat]
  5408 | D:5      | Gained mutation: You are somewhat resistant to further mutation. [mutagenic meat]
  5653 | D:6      | Killed Gargoylian's ghost
  5653 | D:6      | Reached skill level 5 in Axes
  5653 | D:6      | Reached skill level 1 in Throwing
  5805 | D:6      | Found Arephox's Book Boutique.
  5970 | D:6      | HP: 4/96 [poisoned by an orc wizard]
  5973 | D:6      | HP: 1/96 [poisoned by an orc wizard]
  5975 | D:6      | Succumbed to an orc wizard's poison

Skill      XL: |  1  2  3  4  5  6  7  8 |
---------------+-------------------------+-----
Armour         | 2 4 5 |  5.9
Dodging        | 1 3 |  3.2
Axes           | 2 3 4 5 |  5.0
Fighting       | 4 5 6 |  6.2
Invocations    | 3 |  3.6
Throwing       | 1 |  1.0
Stealth        | |  0.6

Action                   |  1- 3 |  4- 6 |  7- 9 || total
-------------------------+-------+-------+-------++-------
Melee: Hand axe          |   104 |       |       ||   104
       War axe           |    21 |   236 |   236 ||   493
Throw: Tomahawk          |       |       |    14 ||    14
Invok: Depart the Abyss  |     1 |       |       ||     1
       Banish            |       |       |     5 ||     5
  Use: Scroll            |       |     7 |     2 ||     9
       Potion            |       |       |    10 ||    10
  Eat: Chunk             |     1 |     6 |    11 ||    18
       Royal jelly       |       |     1 |     1 ||     2
       Meat ration       |       |       |     1 ||     1
Armor: Plate armour      |   154 |   280 |   208 ||   642
       Skin              |       |       |   113 ||   113
Dodge: Dodged            |    32 |    54 |    71 ||   157
Block: Other             |       |     6 |    19 ||    25
